AoeStats
← Adrian

Arena

510253273Analyzed
1v1 RM · 14h ago on Sep 30, 2026· 49m 12s· 2 players
Game mode
Random Map
Map size
Tiny (2 player)
Population
200
Speed
Normal
Resources
Standard
Victory
Conquest
Starting age
Dark Age
Ending age
Imperial Age
RankedLock teamsTeams togetherTeam positionsShared explorationLock speedFull tech treeHidden civsTurbo modeCheats
Victory
Defeat
🇺🇸 Burgundians · United States
467
+13
🇷🇴 Slavs · Romania
399
-13
Adrian
11:06 Feudal Age
9:32 Loom
12:49 Wheelbarrow
12:54 Double-Bit Axe
14:26 Horse Collar
14:40 Town Watch
21:25 Castle Age
19:36 Gold Mining
22:42 Squires
22:03 Pikeman
24:24 Stone Mining
27:19 Bow Saw
27:30 Heavy Plow
29:40 Hand Cart
30:24 Crossbowman
33:14 Fletching
33:39 Padded Archer Armor
37:55 Detinets
41:34 Imperial Age
40:52 Husbandry
41:04 Bloodlines
40:14 Light Cavalry
41:06 Bodkin Arrow
41:27 Leather Archer Armor
41:23 Forging
43:22 Two-Man Saw
43:06 Crop Rotation
43:20 Gold Shaft Mining
44:56 Onager
48:03 Siege Onager
gamsnt
7:15 Double-Bit Axe
8:34 Loom
10:35 Feudal Age
11:07 Wheelbarrow
11:43 Horse Collar
12:17 Bow Saw
12:48 Gold Mining
15:16 Gold Shaft Mining
15:45 Heavy Plow
16:22 Stone Mining
17:27 Hand Cart
18:35 Stone Shaft Mining
21:25 Castle Age
21:21 Town Watch
21:50 Padded Archer Armor
22:03 Forging
21:54 Scale Mail Armor
22:01 Scale Barding Armor
24:06 Crop Rotation
25:07 Two-Man Saw
28:46 Town Patrol
30:20 Fletching
30:47 Leather Archer Armor
30:56 Fortified Wall
30:27 Treadmill Crane
31:09 Ballistics
31:03 Masonry
31:04 Burgundian Vineyards
34:29 Imperial Age
36:11 Chemistry
35:46 Architecture
34:49 Elite Coustillier
36:55 Husbandry
37:20 Chain Barding Armor
36:56 Bodkin Arrow
37:36 Iron Casting
37:18 Chain Mail Armor
36:28 Pikeman
37:08 Squires
36:55 Arson
41:36 Plate Barding Armor
42:03 Blast Furnace
40:59 Halberdier
Connection lost

Rejoining the realm…

Still unreachable

The connection could not be restored.

Session expired

The server has moved on; the page needs a fresh start.